 Dungeon Crawl Stone Soup version 0.19.0-2-gae57169 (webtiles) character file.

505291 Charly the Sensei (level 24, -7/287 HPs)
             Began as a Black Draconian Monk on Nov 5, 2016.
             Was the Champion of Ashenzari.
             Killed from afar by a quicksilver dragon (45 damage)
             ... with an exploding inner flame
             ... hexed by the player character
             ... on level 5 of the Vaults.
             The game lasted 04:25:07 (57179 turns).

Charly the Sensei (Black Draconian Monk)           Turns: 57179, Time: 04:25:08

Health: -7/287     AC: 31    Str: 23    XL:     24   Next: 15%
Magic:  33/37      EV: 30    Int: 15    God:    Ashenzari [******]
Gold:   791        SH: 30    Dex: 22    Spells: 11 memorised, 13 levels left

rFire  . . .     SeeInvis +       - Unarmed
rCold  . . .     Gourm    .     (armour unavailable)
rNeg   + + .     Faith    .     E - +5 large shield (curse)
rPois  ∞         Spirit   .     o - +2 hat (curse)
rElec  +         Reflect  +     T - +2 cloak {+Inv} (curse)
rCorr  .         Harm     .     (gloves currently unavailable)
MR     ++...     Clarity  +     (boots currently unavailable)
Stlth  +++.......               R - +5 amulet of reflection (curse)
                                m - ring of protection from magic
                                w - ring "Miwaocae" {Wiz *Drain rN+ Str+8} (curse)

@: statue-form, flying, very slightly contaminated, hasted
A: (breathe lightning), unfitting armour, big wings, agile 1, electricity
resistance, cold-blooded, AC +12
a: Stop Flying, End Transformation, Curse Item, Scrying, Transfer Knowledge,
Renounce Religion, Evoke Invisibility
}: 2/15 runes: decaying, serpentine


You were on level 5 of the Vaults.
You worshipped Ashenzari.
Ashenzari was exalted by your worship.
You were not hungry.
You were a stone statue.
You visited 10 branches of the dungeon, and saw 47 of its levels.
You also visited: Labyrinth and Ice Cave.

You collected 5079 gold pieces.
You spent 4288 gold pieces at shops.

Inventory:

Missiles
 k - 8 throwing nets (quivered)
Armour
 o - a cursed +2 hat (worn)
 y - a cursed +1 pair of gloves (melded)
 z - a cursed +2 pair of boots of stealth (melded)
 E - a cursed +5 large shield (worn)
 T - a cursed +2 cloak of invisibility (worn)
Jewellery
 a - the ring of Terra Nullius {rF+ rC+ Str+9 Dex+6}
   (You bought it in a shop on level 3 of the Snake Pit)

   [ring of protection from fire]

   It affects your strength (+9).
   It affects your dexterity (+6).
   It protects you from fire.
   It protects you from cold.
 c - an uncursed ring of protection from cold
 f - the ring "Ixzoc" {rF+ AC+3}
   (You took it off a yaktaur on level 3 of the Depths)

   [ring of protection]

   It affects your AC (+3).
   It protects you from fire.
 m - a ring of protection from magic (right hand)
 w - the cursed ring "Miwaocae" (left hand) {Wiz *Drain rN+ Str+8}
   (You took it off Jory on level 3 of the Depths)

   [ring of wizardry]

   It improves your spell success rate.
   It affects your strength (+8).
   It protects you from negative energy.
   It causes draining when unequipped.
   It has a curse placed upon it.
 R - a cursed +5 amulet of reflection (around neck)
Wands
 b - a wand of polymorph (16/24)
 l - a wand of paralysis (8/24)
 q - a wand of iceblast (8/15)
 x - a wand of disintegration (7/24)
 F - a wand of acid (11/15)
 M - a wand of hasting (3/9)
 X - a wand of iceblast (9/15)
 Z - a wand of digging (14/24)
Scrolls
 j - 2 scrolls of silence
 t - 9 scrolls of identify
 v - 4 scrolls of fear
 A - 2 scrolls of summoning
 D - 11 scrolls of teleportation
 G - 11 scrolls of recharging
 J - a scroll of amnesia
 L - 11 scrolls of fog
 O - 3 scrolls of magic mapping
 P - 6 scrolls of remove curse
 Q - 5 scrolls of blinking
 S - 4 scrolls of immolation
 Y - a scroll of holy word
Potions
 d - 5 potions of heal wounds
 g - 2 potions of resistance
 h - 6 potions of might
 r - 7 potions of brilliance
 C - 8 potions of berserk rage
 I - 6 potions of magic
 K - 5 potions of agility
 N - a potion of ambrosia
 W - 5 potions of curing
Books
 p - the Compendium of the Traveller
   (You found it on level 3 of the Vaults)

   Spells                             Type                      Level
   a - Shroud of Golubria             Charms/Translocation         2
   b - Portal Projectile              Translocation                3
   c - Passage of Golubria            Translocation                4
   d - Malign Gateway                 Summoning/Translocation      7
   e - Disjunction                    Translocation                8
Miscellaneous
 e - 2 sacks of spiders
 U - a phantom mirror
 V - a box of beasts
Comestibles
 i - 2 meat rations
 u - 17 bread rations


   Skills:
 + Level 19.3 Fighting
 + Level 16.1(20.0) Dodging
 - Level 1.7(4.8) Stealth
 * Level 10.9(13.7) Shields
 * Level 24.3 Unarmed Combat
 - Level 10.6 Spellcasting
 - Level 2.7(5.2) Hexes
 - Level 3.1(5.7) Necromancy
 - Level 6.3(9.4) Translocations
 - Level 14.7(17.3) Transmutations
   Level 4.0(6.8) Ice Magic
 - Level 8.8(11.7) Earth Magic
 - Level 7.2(10.3) Evocations


You had 13 spell levels left.
You knew the following spells:

 Your Spells              Type           Power        Failure   Level  Hunger
a - Animate Skeleton      Necr           N/A          1%          1    None
b - Blink                 Tloc           N/A          1%          2    None
c - Control Undead        Necr           ####......   17%         4    ###....
d - Confusing Touch       Hex            ###...       2%          1    None
g - Shroud of Golubria    Chrm/Tloc      ###.......   4%          2    None
h - Blade Hands           Tmut           ######....   1%          5    #####..
p - Passage of Golubria   Tloc           N/A          4%          4    ###....
r - Regeneration          Chrm/Necr      ###.......   14%         3    None
B - Summon Butterflies    Summ           #.......     14%         1    None
R - Repel Missiles        Chrm/Air       #.....       24%         2    None
S - Statue Form           Tmut/Erth      ######...    7%          6    ######.


Dungeon Overview and Level Annotations

Branches:
Dungeon (15/15)            Temple (1/1) D:7            Lair (6/6) D:10
  Swamp (4/4) Lair:2        Snake (4/4) Lair:2        Slime (2/5) Lair:5
    Orc (2/2) D:11            Elf (3/3) Orc:2        Vaults (5/5) D:13
  Crypt (0/3) Vaults:3     Depths (5/5) D:15            Zot (0/5) Depths:5

Altars:
Ashenzari
Cheibriados
Dithmenos
Elyvilon
Fedhas
Gozag
Hepliaklqana
Kikubaaqudgha
Makhleb
Nemelex Xobeh
Okawaru
Qazlal
Ru
Sif Muna
Trog
Uskayaw
Vehumet
Xom
Yredelemnul
Zin
The Shining One
Beogh
Jiyva
Lugonu

Shops:
D:4 %   D:6 [   Orc:2 ([(*   Elf:1 *   Elf:2 *(   Elf:3 :   Snake:3 =
Vaults:4 *   Depths:5 =}}

Portals:
Hell: Lair:6 Depths:2 Depths:3
Abyss: Depths:4
Ziggurat: Depths:4
Trove: Elf:1 (give 8 scrolls of blinking)

Annotations:
D:1 exclusion: downstairs
D:2 exclusion: 2 downstairs, Terence
D:6 exclusion: downstairs
D:8 exclusion: downstairs, Gastronok
D:10 exclusion: 2 downstairs
Elf:2 2 runed doors
Elf:3 exclusion: Roxanne, Roxanne


Innate Abilities, Weirdness & Mutations

((You can breathe wild blasts of lightning.))
((Your glossy black scales are hard. (AC +12)))
You cannot fit into any form of body armour.
Your large and strong wings let you fly indefinitely.
You are resistant to electric shocks. (rElec)
You are cold-blooded and may be slowed by cold attacks.
You are agile. (Dex +2)


Message History

The fire giant resists.
The fire giant is moderately wounded.
The fiery explosion engulfs the ancient lich.
The ancient lich resists.
The ancient lich is almost destroyed.
The fiery explosion engulfs the green very ugly thing.
The green very ugly thing explodes!
The fiery explosion engulfs the shadow dragon.
The shadow dragon explodes!
The fiery explosion engulfs the quicksilver dragon.
The quicksilver dragon is almost dead.
The fiery explosion engulfs the ancient lich.
The ancient lich resists.
You destroy the ancient lich!
The fiery explosion engulfs the orc sorcerer.
The orc sorcerer is severely wounded.
The fiery explosion engulfs the quicksilver dragon.
The quicksilver dragon explodes!
The fiery explosion engulfs you!
You die...

, *,,, ,#.
#....#..... ,*,,, ,
, *,,*
##.%#..(.#s... ,
,*,, ,,
,....#.%..#..W, ,
,*,, , , ,
...........{, ,,,,,
, * *** *
*###.......p#####*
* , ,, ,,
....%[[[.W..%..., ,
, ,, ,
....(§§§§§!%..%.,
,, , ,,, ,
...[§§§§§§§§..%.,,,
, , ,, ,,
...[§§§8§§§§...., ,
, , ** , ,
*.#..§§§§§§§##### *
* , * ,
....§§§C§§§.o43 , ,
,, ,,
.....§.§§#§.4#. , ,
*, , ,,*,
....#....#..%..
,,,,, ,, ,,, ,
.........#...#.# ,,
, ,* ,, , ,
....#....#......,
,,,, , ,,,
#...#....# .#.,, ,
, * , ,,,, ,,, ,, ,
,,, ,,,,, ,


You could see a fire giant (inner flame), a death knight, a phantasmal warrior,
a hellwing, a freezing wraith, an orb spider shaped shifter, a neqoxec, an orc
sorcerer (inner flame) and a red devil.

Vanquished Creatures
  An ancient lich (Vaults:5)
  A juggernaut (Depths:3)
  Sojobo (Vaults:3)
  Xtahua (Depths:3)
  The ghost of herpmino the Axe Maniac, a veteran MiBe of Trog (Depths:4)
  Frederick (Depths:5)
  Jory (Depths:3)
  2 bone dragons
  2 golden dragons
  A tentacled monstrosity (Depths:4)
  An Ice Fiend (IceCv)
  4 liches
  2 titans
  A quicksilver dragon (Depths:2)
  Asterion (Vaults:3)
  3 acid blobs
  An eldritch tentacle (Vaults:3)
  2 thorn hunters (Swamp:4)
  5 tengu reavers
  3 sphinxes
  Kirke (D:13)
  A revenant (Vaults:3)
  The ghost of Chiseanne the Spry, an adept HEAr of Gozag (Snake:4)
  2 shadow dragons (Vaults:5)
  3 storm dragons
  8 nagarajas
  6 azure jellies
  8 frost giants
  5 fire giants
  3 deep elf sorcerers
  12 vault wardens
  An orc warlord (Orc:2)
  A draconian scorcher (Depths:5)
  A draconian annihilator (Depths:5)
  Louise (D:15)
  18 ironheart preservers
  2 iron dragons
  A war gargoyle (Vaults:2)
  21 stone giants
  18 very ugly things
  A caustic shrike skeleton (D:15)
  4 entropy weavers
  9 vampire knights
  A green draconian (Depths:5)
  The ghost of Vajrapani the Severer, a journeyman HOFi of Hepliaklqana (Orc:2)
  2 lorocyprocas (Depths:5)
  3 deep elf annihilators
  A white draconian (Depths:5)
  A mottled draconian (Depths:5)
  A merfolk javelineer (Depths:4)
  5 jiangshi
  3 yellow draconians (Depths:5)
  6 death oozes (Depths:4)
  2 deep elf death magi
  7 fire dragons
  A minotaur (Lab)
  8 ettins
  Josephine (D:10)
  Fannar (Lair:1)
  28 vault guards
  8 yaktaur captains
  5 rakshasas
  9 great orbs of eyes
  5 ghost crabs
  24 hydras
  Harold (Orc:2)
  11 naga warriors
  11 ice dragons
  12 centaur warriors
  2 spriggan air magi
  7 anacondas
  10 dancing weapons
  A satyr (Depths:4)
  6 alligators
  16 ogre magi
  6 tengu warriors
  4 hell hogs (Depths:2)
  5 death yaks
  7 vampire magi
  5 spriggan berserkers
  A queen ant (Lair:6)
  11 deep troll shamans
  4 shock serpents
  12 deep troll earth magi
  2 orc high priests (Orc:2)
  15 deep elf knights
  6 hell knights
  12 naga sharpshooters
  Urug (D:11)
  5 iron trolls (Depths:3)
  A sixfirhy (Lair:6)
  3 skeletal warriors
  A sun demon (Lair:6)
  A fire crab (Lair:4)
  A shadow wraith (Vaults:5)
  3 sea snakes (Snake:2)
  39 deep trolls
  A flayed ghost (Depths:2)
  4 glowing orange brains
  8 wizards
  2 unseen horrors
  10 swamp dragons
  15 deep elf archers
  5 shambling mangroves
  8 naga ritualists
  7 phantasmal warriors
  An obsidian statue (Vaults:4)
  A lindwurm (shapeshifter) (Elf:2)
  An orange crystal statue (Depths:3)
  7 hill giants
  19 ironbrand convokers
  13 orc knights
  7 necromancers
  A golden dragon skeleton (Depths:3)
  3 harpies (Vaults:2)
  12 mana vipers
  2 manticores
  43 deep elf magi
  6 wolf spiders
  7 orc sorcerers
  4 frost giant zombies
  43 ugly things
  6 cyclopes
  An iron dragon zombie (Depths:3)
  5 salamanders
  2 worldbinders (Vaults:3)
  A salamander (shapeshifter) (Vaults:2)
  A sphinx skeleton (Depths:3)
  4 fire giant zombies (Depths:3)
  2 fauns (Depths:4)
  An iron dragon skeleton (Vaults:3)
  4 centaur zombies
  A guardian serpent (shapeshifter) (Vaults:4)
  A guardian serpent (Snake:3)
  2 black mambas (shapeshifter)
  12 elephants
  2 ice statues
  A frost giant skeleton (Depths:3)
  A smoke demon (Lair:6)
  18 vault sentinels
  4 orange demons (Lair:6)
  31 naga magi
  36 black mambas
  A titan simulacrum (Vaults:3)
  A torpor snail (Lair:5)
  3 spriggan skeletons
  A water nymph (shapeshifter) (Vaults:5)
  12 spiny frogs
  8 freezing wraiths
  6 rime drakes
  A komodo dragon (shapeshifter) (Elf:1)
  A yaktaur (shapeshifter) (Vaults:4)
  36 yaktaurs
  An anaconda simulacrum (IceCv)
  5 kobold demonologists
  5 komodo dragons
  6 ice devils
  A red devil (Lair:6)
  4 guardian mummies (Depths:1)
  2 tengu conjurers
  9 tyrant leeches
  A polar bear (shapeshifter) (Depths:5)
  4 trolls
  3 jumping spiders (Vaults:3)
  A polar bear (Lair:6)
  2 wolf spider simulacra (IceCv)
  22 two-headed ogres
  18 hornets
  14 blink frogs
  A raiju (shapeshifter) (Vaults:2)
  An iron dragon simulacrum (Vaults:3)
  27 slime creatures
  12 bog bodies
  A dream sheep (shapeshifter) (Elf:3)
  2 human simulacra
  A sphinx simulacrum (Vaults:3)
  10 hippogriffs
  17 flying skulls (Depths:3)
  4 dire elephant simulacra (IceCv)
  9 spriggans
  Sigmund (D:3)
  2 redbacks (Vaults:2)
  6 air elementals
  16 water elementals
  An ice dragon skeleton (D:15)
  A tarantella (Vaults:2)
  3 wyverns
  8 wraiths
  6 shadows
  36 yaks
  A tarantella (shapeshifter) (Elf:1)
  4 hogs (D:13)
  A yak (shapeshifter) (Vaults:1)
  4 golden eyes (Slime:1)
  4 fire elementals
  4 basilisks
  A death yak simulacrum (IceCv)
  2 small abominations (Vaults:3)
  2 mottled dragons
  22 vampire mosquitoes
  5 wargs
  Menkaure (D:5)
  2 spatial vortices (Vaults:3)
  18 swamp worms
  20 insubstantial wisps
  18 soldier ants
  46 nagas
  17 water moccasins
  4 harpy simulacra (IceCv)
  3 hydra simulacra (IceCv)
  2 iron troll simulacra (IceCv)
  Duvessa (D:5)
  8 hell hounds
  17 swamp drakes
  11 porcupines
  2 ice beasts
  51 orc warriors
  4 sky beasts
  An ettin simulacrum (IceCv)
  An ice beast (shapeshifter) (Vaults:4)
  A black bear (D:10)
  2 phantoms
  5 boggarts
  19 centaurs
  16 wolves
  54 ogres
  A centaur (shapeshifter) (Vaults:4)
  15 crocodiles
  A yaktaur zombie (D:15)
  11 big kobolds
  14 bullfrogs
  Blork the orc (D:6)
  2 wyvern zombies
  Dowan (D:5)
  2 earth elementals (Elf:1)
  3 scorpions
  7 killer bees
  19 wights
  6 howler monkeys
  6 crimson imps
  2 draconian simulacra (IceCv)
  3 quasits
  A bullfrog zombie (D:12)
  4 centaur skeletons
  6 hounds
  19 orc priests
  A bullfrog skeleton (D:14)
  22 jellies
  4 iguanas
  Ijyb (D:3)
  15 worker ants
  29 orc wizards
  3 spriggan simulacra (IceCv)
  A polar bear simulacrum (IceCv)
  4 troll simulacra (IceCv)
  A centaur simulacrum (IceCv)
  2 hound zombies
  A hound skeleton (D:6)
  3 mummies (Depths:1)
  20 adders
  7 gnolls
  4 ogre simulacra
  2 naga simulacra (IceCv)
  A shadow imp (D:13)
  8 white imps (IceCv)
  4 ufetubi (IceCv)
  5 oozes
  An adder zombie (D:10)
  3 adder skeletons
  3 worms
  5 leopard geckos
  130 orcs
  2 ball pythons
  8 giant cockroaches
  5 goblins
  7 hobgoblins
  14 jackals
  25 kobolds
  4 quokkas
  6 bats
  9 frilled lizards
  A jackal zombie (D:8)
  A leopard gecko zombie (D:7)
  8 rats
  A plant (Depths:4)
2076 creatures vanquished.

Vanquished Creatures (collateral kills)
  A jiangshi (Depths:3)
  2 hydras
  2 alligators
  An orc high priest (Orc:1)
  A spriggan druid (Swamp:3)
  A swamp dragon (Swamp:4)
  3 ugly things
  2 elephants (Lair:6)
  4 spiny frogs
  2 komodo dragons (Lair:2)
  A troll (Orc:1)
  2 blink frogs
  3 hippogriffs (Lair:6)
  2 yaks (Lair:6)
  4 vampire mosquitoes (Swamp:3)
  A naga (Lair:2)
  4 soldier ants (Lair:6)
  4 water moccasins
  A porcupine (Lair:2)
  A sky beast (D:12)
  An orc warrior (Orc:1)
  A wolf (Lair:4)
  A crocodile (Lair:2)
  A bullfrog (Lair:4)
  2 orc priests (Orc:2)
  A bullfrog skeleton (D:12)
  A worker ant (Lair:6)
  2 orc wizards
  A shadow imp (D:14)
  2 orcs
  2 kobolds (D:12)
  A fungus (Lair:2)
58 creatures vanquished.

Vanquished Creatures (others)
  Margery (Vaults:2)
  A draconian caller (Depths:5)
  A spriggan druid (Swamp:4)
  A wizard (Vaults:3)
  2 swamp dragons (Swamp:4)
  A naga mage (Vaults:3)
  4 yaktaurs (Vaults:3)
  Eustachio (D:5)
  A naga (Snake:3)
  3 ogres
  2 white imps (IceCv)
  An ufetubus (IceCv)
  A bush (Lair:6)
  12 fungi
  177 plants
  3 withered plants (D:15)
212 creatures vanquished.

Grand Total: 2346 creatures vanquished

Notes
Turn   | Place    | Note
-------+----------+-------------------------------------------
     0 | D:1      | Charly the Draconian Monk began the quest for the Orb.
     0 | D:1      | Reached XP level 1. HP: 19/19 MP: 1/1
   204 | D:1      | Reached XP level 2. HP: 24/26 MP: 2/2
   365 | D:2      | Reached skill level 4 in Unarmed Combat
   394 | D:2      | Noticed Terence
   773 | D:2      | Found a burning altar of Makhleb.
   773 | D:2      | Noticed a crimson imp
   786 | D:2      | Reached XP level 3. HP: 31/31 MP: 3/3
  1116 | D:3      | Found a burning altar of Makhleb.
  1313 | D:3      | Noticed Ijyb
  1337 | D:3      | Killed Ijyb
  1337 | D:3      | Reached skill level 5 in Unarmed Combat
  1337 | D:3      | Reached XP level 4. HP: 36/38 MP: 4/4
  1996 | D:3      | Reached XP level 5. HP: 46/46 MP: 5/5
  2243 | D:3      | Reached skill level 6 in Unarmed Combat
  2331 | D:3      | Noticed Sigmund
  2343 | D:3      | Killed Sigmund
  2343 | D:3      | Reached XP level 6. HP: 53/53 MP: 6/6
  2490 | D:5      | Entered Level 5 of the Dungeon
  2661 | D:4      | Found Ymithral's Food Boutique.
  2768 | D:4      | Reached skill level 7 in Unarmed Combat
  3058 | D:4      | Reached skill level 5 in Fighting
  3058 | D:4      | Your scales start taking on a glossy black colour.
  3058 | D:4      | Reached XP level 7. HP: 50/61 MP: 7/7
  3058 | D:4      | Gained mutation: You are resistant to electric shocks. (rElec) [Black Draconian growth]
  3493 | D:5      | Noticed Menkaure
  3504 | D:5      | Killed Menkaure
  3504 | D:5      | Reached skill level 8 in Unarmed Combat
  3623 | D:5      | Noticed Eustachio
  3784 | D:5      | Killed Eustachio
  3813 | D:5      | Noticed Duvessa
  3845 | D:5      | Killed Duvessa
  3845 | D:5      | Reached XP level 8. HP: 48/70 MP: 8/8
  3851 | D:5      | Noticed Dowan
  3954 | D:5      | Killed Dowan
  3981 | D:5      | Reached skill level 9 in Unarmed Combat
  4209 | D:6      | Noticed Blork the orc
  4220 | D:6      | Killed Blork the orc
  4694 | D:5      | Reached skill level 10 in Unarmed Combat
  5352 | D:6      | Found Uzead's Armour Boutique.
  5360 | D:6      | Bought a +0 pair of boots of stealth for 161 gold pieces
  5549 | D:7      | Noticed a troll
  5742 | D:6      | Reached XP level 9. HP: 79/79 MP: 9/9
  5850 | D:7      | Found a staircase to the Ecumenical Temple.
  5878 | Temple   | Entered the Ecumenical Temple
  5933 | Temple   | Became a worshipper of Ashenzari the Shackled
  5933 | Temple   | Reached * piety under Ashenzari
  5933 | Temple   | Reached ** piety under Ashenzari
  6639 | D:7      | Found a basalt altar of Yredelemnul.
  6696 | D:7      | Reached skill level 11 in Unarmed Combat
  7044 | D:7      | Killed a troll
  7172 | D:7      | Found an opulent altar of Gozag.
  7731 | D:8      | Noticed Gastronok
  7864 | D:9      | Reached XP level 10. HP: 81/90 MP: 10/10
  8082 | D:9      | Reached skill level 12 in Unarmed Combat
  8499 | D:10     | Entered Level 10 of the Dungeon
  8650 | D:9      | Reached skill level 5 in Dodging
  8693 | D:10     | Killed an unseen horror
  8915 | D:10     | Noticed an elephant
  8926 | D:10     | Killed an elephant
  9055 | D:10     | Found a staircase to the Lair.
  9080 | D:10     | Noticed a hill giant
  9153 | D:10     | Killed a hill giant
  9485 | D:10     | Learned a level 2 spell: Blink
  9488 | D:10     | Learned a level 2 spell: Repel Missiles
  9583 | D:10     | Reached *** piety under Ashenzari
  9645 | D:10     | Reached skill level 13 in Unarmed Combat
  9673 | D:10     | Noticed Josephine
  9809 | D:11     | Reached skill level 10 in Fighting
 10011 | D:11     | Reached XP level 11. HP: 95/99 MP: 11/11
 10199 | D:11     | Noticed Urug
 10319 | D:11     | Noticed a hill giant
 10829 | D:12     | Found a labyrinth entrance.
 10835 | Lab      | Entered a labyrinth
 11096 | Lab      | Noticed a minotaur
 11103 | Lab      | Killed a minotaur
 11109 | Lab      | Got the rapier "Conservator" {flame, rC+}
 11515 | D:11     | Killed a hill giant
 11547 | D:11     | Learned a level 1 spell: Animate Skeleton
 11580 | D:11     | Reached skill level 1 in Necromancy
 11698 | Lair:1   | Entered Level 1 of the Lair of Beasts
 11922 | Lair:1   | Reached **** piety under Ashenzari
 12351 | Lair:1   | Reached skill level 14 in Unarmed Combat
 12671 | Lair:1   | Noticed a five-headed hydra
 12687 | Lair:1   | Killed a five-headed hydra
 12882 | Lair:1   | Noticed Fannar
 13560 | Lair:2   | Found a staircase to the Swamp.
 13607 | Lair:2   | Reached XP level 12. HP: 89/110 MP: 12/12
 13920 | Lair:3   | Noticed a death yak
 13920 | Lair:3   | Noticed a death yak
 13921 | Lair:3   | Noticed a death yak
 13922 | Lair:3   | Noticed a death yak
 13928 | Lair:2   | Found a staircase to the Snake Pit.
 14172 | Lair:3   | Reached ***** piety under Ashenzari
 14194 | Lair:3   | Noticed a four-headed hydra
 14207 | Lair:3   | Killed a four-headed hydra
 14744 | Lair:4   | Reached skill level 15 in Unarmed Combat
 15104 | Lair:3   | Reached skill level 1 in Evocations
 15243 | Lair:4   | Noticed a five-headed hydra
 15498 | Lair:4   | Noticed an eight-headed hydra
 16404 | Lair:5   | Identified a scroll of acquirement
 16538 | Lair:5   | Noticed a six-headed hydra
 16562 | Lair:5   | Killed a six-headed hydra
 16640 | Lair:5   | Found a runed door.
 16641 | Lair:5   | Found a viscous altar of Jiyva.
 16644 | Lair:5   | Found a staircase to the Slime Pits.
 16681 | Lair:6   | Entered Level 6 of the Lair of Beasts
 16909 | Lair:5   | Reached XP level 13. HP: 118/118 MP: 15/15
 17472 | D:11     | Found a staircase to the Orcish Mines.
 17607 | D:12     | Reached skill level 16 in Unarmed Combat
 17715 | D:12     | Learned a level 1 spell: Confusing Touch
 17721 | D:12     | Learned a level 3 spell: Regeneration
 17773 | D:12     | Reached skill level 1 in Hexes
 18825 | D:13     | Found a gate to the Vaults.
 18847 | D:13     | Noticed Kirke
 19281 | D:13     | Reached skill level 5 in Evocations
 19657 | D:14     | Reached ****** piety under Ashenzari
 20471 | D:15     | Entered Level 15 of the Dungeon
 20665 | D:15     | Gained mutation: Your large and strong wings let you fly indefinitely. [Black Draconian growth]
 20665 | D:15     | Reached XP level 14. HP: 104/129 MP: 18/18
 20817 | D:15     | Found a staircase to the Depths.
 21400 | D:15     | Reached skill level 17 in Unarmed Combat
 21616 | D:15     | Found a glowing golden altar of the Shining One.
 21743 | Orc:1    | Entered Level 1 of the Orcish Mines
 21786 | Orc:1    | Reached skill level 10 in Dodging
 22152 | Orc:2    | Entered Level 2 of the Orcish Mines
 22217 | Orc:2    | Noticed Vajrapani's ghost (journeyman HOFi)
 22293 | Orc:2    | Found a staircase to the Elven Halls.
 22320 | Orc:2    | Found a roughly hewn altar of Beogh.
 22505 | Orc:2    | Found a roughly hewn altar of Beogh.
 22542 | Orc:2    | Found a roughly hewn altar of Beogh.
 22566 | Orc:2    | Found a roughly hewn altar of Beogh.
 22873 | Orc:2    | Found a roughly hewn altar of Beogh.
 22902 | Orc:2    | Found Nypimnuj's Weapon Shop.
 22950 | Orc:2    | Found a roughly hewn altar of Beogh.
 22988 | Orc:2    | Found a roughly hewn altar of Beogh.
 23134 | Orc:1    | Noticed Harold
 23158 | Orc:2    | Killed Harold
 23585 | Orc:2    | Noticed an orc warlord
 23697 | Orc:2    | Killed an orc warlord
 23721 | Orc:2    | Found Voovof's Antique Armour Shoppe.
 23722 | Orc:2    | Found a roughly hewn altar of Beogh.
 23741 | Orc:2    | Found Xumaffuo's Antique Weapon Emporium.
 23752 | Orc:2    | Bought a pair of spiked gloves for 285 gold pieces
 23752 | Orc:2    | Identified the cursed -6 pair of gloves of the Neverending Cities {Regen+ Dex-5 SInv} (You bought it in a shop on level 2 of the Orcish Mines)
 23874 | Orc:1    | Found a bloodstained altar of Trog.
 24079 | Orc:2    | Paralysed by an orc sorcerer for 3 turns
 24093 | Orc:2    | Found Eduicug's General Store.
 24098 | Orc:2    | Bought a scroll of remove curse for 42 gold pieces
 24098 | Orc:2    | Bought a potion of cure mutation for 350 gold pieces
 24098 | Orc:2    | Bought a potion of heal wounds for 70 gold pieces
 24250 | D:11     | Killed Urug
 24955 | Lair:6   | Noticed an entropy weaver
 25196 | Lair:6   | Killed an entropy weaver
 25721 | Lair:6   | Noticed an entropy weaver
 26256 | Lair:5   | Reached skill level 18 in Unarmed Combat
 26361 | Lair:6   | Reached XP level 15. HP: 127/138 MP: 17/20
 26815 | Lair:6   | Learned a level 4 spell: Ice Form
 27091 | Lair:6   | Reached skill level 1 in Transmutations
 27142 | Lair:6   | Reached skill level 1 in Ice Magic
 27474 | Lair:6   | Reached skill level 1 in Spellcasting
 27478 | Lair:6   | Found a burning altar of Makhleb.
 27848 | Lair:6   | Found a gateway to Hell.
 27876 | Lair:6   | Learned a level 4 spell: Control Undead
 28137 | Swamp:1  | Entered Level 1 of the Swamp
 28427 | Swamp:2  | Reached skill level 5 in Transmutations
 30021 | Swamp:2  | Reached skill level 1 in Translocations
 30719 | Swamp:4  | Entered Level 4 of the Swamp
 30863 | Swamp:4  | Gained mutation: You possess an exceptional clarity of mind. [potion of mutation]
 30863 | Swamp:4  | Gained mutation: Your mind is acute. (Int +2) [potion of mutation]
 30863 | Swamp:4  | Gained mutation: Scrolls take you a little longer to read. [potion of mutation]
 30864 | Swamp:4  | Gained mutation: Your mind is very acute. (Int +4) [potion of mutation]
 30864 | Swamp:4  | Gained mutation: You have a pair of small antennae on your head. [potion of mutation]
 30864 | Swamp:4  | Gained mutation: Your muscles are strong. (Str +2) [potion of mutation]
 30865 | Swamp:4  | Lost mutation: Your mind is very acute. (Int +4) [potion of mutation]
 30865 | Swamp:4  | Gained mutation: You are occasionally teleported next to monsters. [potion of mutation]
 30866 | Swamp:4  | Lost mutation: Your mind is acute. (Int +2) [potion of cure mutation]
 30866 | Swamp:4  | Lost mutation: You have a pair of small antennae on your head. [potion of cure mutation]
 30866 | Swamp:4  | Lost mutation: Your muscles are strong. (Str +2) [potion of cure mutation]
 30866 | Swamp:4  | Lost mutation: You are occasionally teleported next to monsters. [potion of cure mutation]
 30867 | Swamp:4  | Gained mutation: You are weak. (Str -2) [potion of mutation]
 30868 | Swamp:4  | Gained mutation: Your tail ends in a poisonous barb. [potion of mutation]
 30868 | Swamp:4  | Gained mutation: You are frail. (-10% HP) [potion of mutation]
 30868 | Swamp:4  | Gained mutation: Potions and wands are less effective at restoring your health. [potion of mutation]
 30869 | Swamp:4  | Lost mutation: Scrolls take you a little longer to read. [potion of cure mutation]
 30869 | Swamp:4  | Lost mutation: You are weak. (Str -2) [potion of cure mutation]
 30869 | Swamp:4  | Lost mutation: You are frail. (-10% HP) [potion of cure mutation]
 30869 | Swamp:4  | Lost mutation: Your tail ends in a poisonous barb. [potion of cure mutation]
 30869 | Swamp:4  | Lost mutation: You possess an exceptional clarity of mind. [potion of cure mutation]
 30869 | Swamp:4  | Lost mutation: Potions and wands are less effective at restoring your health. [potion of cure mutation]
 31401 | Swamp:3  | Reached XP level 16. HP: 102/147 MP: 20/22
 32793 | Swamp:4  | Noticed a thorn hunter
 32971 | Swamp:4  | Killed a thorn hunter
 33622 | Swamp:4  | Noticed a thorn hunter
 34053 | Swamp:4  | Reached skill level 19 in Unarmed Combat
 34080 | Swamp:4  | Killed a thorn hunter
 34307 | Swamp:4  | Reached skill level 15 in Fighting
 35630 | Swamp:4  | Got a decaying rune of Zot
 35843 | Lair:1   | Killed Fannar
 35935 | Elf:1    | Entered Level 1 of the Elven Halls
 36025 | Elf:1    | Identified Ceuggoit's Grimoire of Conjuration
 36059 | Elf:1    | Found a frozen archway.
 36111 | IceCv    | Entered an ice cave
 37394 | IceCv    | Noticed an Ice Fiend
 37457 | IceCv    | Killed an Ice Fiend
 37811 | Elf:2    | Reached XP level 17. HP: 148/156 MP: 20/23
 38542 | Elf:1    | Found a portal to a secret trove of treasure.
 39022 | Elf:1    | Learned a level 5 spell: Blade Hands
 39079 | Elf:1    | Found Firoette's General Store.
 39090 | Elf:1    | Bought a potion of agility for 60 gold pieces
 39090 | Elf:1    | Bought a scroll of recharging for 142 gold pieces
 39197 | Elf:1    | Reached skill level 5 in Spellcasting
 39266 | Elf:2    | Found Geocs's Antique Weapon Boutique.
 39266 | Elf:2    | Found Zieck's General Store.
 39348 | Elf:2    | Bought a potion of berserk rage for 105 gold pieces
 39348 | Elf:2    | Bought a scroll of summoning for 199 gold pieces
 39348 | Elf:2    | Bought a scroll of blinking for 157 gold pieces
 39451 | Elf:2    | Found a runed gate.
 39453 | Elf:2    | Found a runed gate.
 39691 | Elf:3    | Entered Level 3 of the Elven Halls
 39813 | Elf:3    | Found Pouptyh's Book Shoppe.
 39816 | Elf:3    | Bought a book of Transfigurations for 935 gold pieces
 39823 | Elf:3    | Learned a level 6 spell: Statue Form
 40076 | Elf:3    | Noticed Roxanne
 40134 | Elf:3    | Reached skill level 1 in Earth Magic
 40353 | Orc:2    | Killed Vajrapani's ghost
 40469 | D:13     | Killed Kirke
 40486 | Vaults:1 | Entered Level 1 of the Vaults
 40694 | Vaults:1 | Reached skill level 10 in Transmutations
 41016 | Vaults:1 | Reached skill level 5 in Earth Magic
 41084 | Vaults:1 | Reached XP level 18. HP: 160/163 MP: 23/29
 41283 | Vaults:1 | Noticed a lich
 41288 | Vaults:1 | Killed a lich
 42475 | Vaults:2 | Noticed Margery
 42840 | Vaults:2 | Learned a level 1 spell: Summon Butterflies
 43702 | Vaults:2 | Noticed Sojobo
 44703 | Vaults:2 | Killed Margery
 44721 | Vaults:2 | Reached XP level 19. HP: 141/170 MP: 32/32
 45590 | Vaults:3 | Killed Sojobo
 45761 | Vaults:3 | Reached skill level 10 in Spellcasting
 46026 | Vaults:3 | Identified the Disquisition on Companions
 46046 | Vaults:4 | Found Taarrath's General Store.
 46049 | Vaults:4 | Bought a scroll of teleportation for 57 gold pieces
 46049 | Vaults:4 | Bought a meat ration for 95 gold pieces
 46083 | Vaults:3 | Found a staircase to the Crypt.
 46235 | Vaults:3 | Noticed a bone dragon
 46251 | Vaults:3 | Noticed Asterion
 46256 | Vaults:3 | Killed a bone dragon
 46282 | Vaults:3 | Killed Asterion
 46645 | Vaults:3 | Identified the Compendium of Black Arts
 46860 | Vaults:3 | Identified the Compendium of the Traveller
 46866 | Vaults:3 | Learned a level 4 spell: Passage of Golubria
 46869 | Vaults:3 | Learned a level 2 spell: Shroud of Golubria
 47686 | Vaults:4 | Reached skill level 5 in Translocations
 47702 | Vaults:4 | Reached XP level 20. HP: 156/179 MP: 30/34
 47827 | Vaults:5 | Entered Level 5 of the Vaults
 47974 | Vaults:4 | Reached skill level 20 in Unarmed Combat
 48851 | D:10     | Killed Josephine
 48904 | Snake:1  | Entered Level 1 of the Snake Pit
 49859 | Snake:4  | Entered Level 4 of the Snake Pit
 50046 | Snake:3  | Found Wamat's Jewellery Shop.
 50050 | Snake:3  | Bought the ring of Terra Nullius {rF+ rC+ Str+9 Dex+6} for 1198 gold pieces
 50175 | Snake:3  | Reached skill level 21 in Unarmed Combat
 50426 | Snake:4  | Found a radiant altar of Vehumet.
 50547 | Snake:4  | Noticed Chiseanne's ghost (adept HEAr)
 50560 | Snake:4  | Killed Chiseanne's ghost
 50622 | Snake:4  | Reached XP level 21. HP: 189/189 MP: 35/35
 50628 | Snake:4  | Reached skill level 1 in Shields
 50757 | Snake:4  | Got a serpentine rune of Zot
 51101 | Slime:1  | Entered Level 1 of the Pits of Slime
 51725 | Depths:1 | Entered Level 1 of the Depths
 52204 | Depths:1 | Found a white marble altar of Elyvilon.
 52738 | Depths:2 | Reached skill level 5 in Shields
 52789 | Depths:2 | Reached skill level 22 in Unarmed Combat
 53257 | Depths:2 | Noticed a golden dragon
 53260 | Depths:2 | Killed a golden dragon
 53276 | Depths:2 | Reached XP level 22. HP: 200/200 MP: 24/36
 53313 | Depths:2 | Identified the ring of Wariness {rPois rF+ rC- rN+++ Str+3} (You took it off a vampire knight on level 2 of the Depths)
 53747 | Depths:3 | Noticed a juggernaut
 53774 | Depths:3 | Identified the ring "Ixzoc" {rF+ AC+3} (You took it off a yaktaur on level 3 of the Depths)
 53915 | Depths:3 | Found an ancient bone altar of Kikubaaqudgha.
 53921 | Depths:3 | Noticed Jory
 53937 | Depths:3 | Killed Jory
 53937 | Depths:3 | Identified the ring "Miwaocae" {Wiz *Drain rN+ Str+8} (You took it off Jory on level 3 of the Depths)
 54255 | Depths:3 | Killed a juggernaut
 54319 | Depths:3 | Paralysed by a vampire knight for 2 turns
 54392 | Depths:3 | Got the cursed falchion of the Madman {slice, +Inv MR+ Int-4}
 54436 | Depths:3 | Noticed Xtahua
 54444 | Depths:3 | Killed Xtahua
 54723 | Depths:3 | Reached skill level 15 in Dodging
 54775 | Depths:4 | Noticed herpmino's ghost (veteran MiBe)
 54798 | Depths:4 | Reached skill level 23 in Unarmed Combat
 54828 | Depths:4 | Identified the Volume of Power
 55019 | Depths:5 | Entered Level 5 of the Depths
 55075 | Depths:4 | Killed herpmino's ghost
 55096 | Depths:4 | Reached XP level 23. HP: 137/211 MP: 6/37
 55599 | Depths:4 | Found a gateway to a ziggurat.
 55604 | Depths:4 | Identified the cursed +0 pair of boots of Whack-A-Mole {rPois}
 55768 | Depths:4 | Gained mutation: You are agile. (Dex +2) [potion of beneficial mutation]
 55774 | Depths:4 | Found a corrupted altar of Lugonu.
 55774 | Depths:4 | Found a one-way gate to the infinite horrors of the Abyss.
 55917 | Depths:5 | Paralysed by a vampire knight for 2 turns
 55937 | Depths:5 | Found Ytill's Jewellery Shoppe.
 55937 | Depths:5 | Found Foydgh's Gadget Shop.
 55938 | Depths:5 | Found Beukhanli's Gadget Shop.
 56337 | Depths:5 | Bought a wand of digging (14/24) for 432 gold pieces
 56467 | Depths:5 | Noticed Frederick
 56492 | Depths:5 | Killed Frederick
 56497 | Depths:5 | Found a gate to the Realm of Zot.
 56546 | Depths:2 | Reached skill level 10 in Shields
 56654 | D:15     | Noticed Louise
 56659 | D:15     | Killed Louise
 56659 | D:15     | Reached skill level 24 in Unarmed Combat
 57112 | Vaults:5 | Noticed an ancient lich
 57134 | Vaults:4 | Reached XP level 24. HP: 221/221 MP: 33/37
 57179 | Vaults:5 | Killed an ancient lich
 57179 | Vaults:5 | Killed from afar by a quicksilver dragon

Skill      XL: |  1  2  3  4  5  6  7  8  9 10 11 12 13 14 15 16 17 18 19 20 21 22 23 |
---------------+----------------------------------------------------------------------+-----
Unarmed Combat | 4 5 6 7 8 10 11 13 14 15 16 18 19 21 22 23 24 | 24.3
Fighting       | 4 5 6 7 8 10 11 12 13 14 15 16 17 18 19 | 19.3
Dodging        | 4 6 7 8 9 10 11 12 13 14 15 16 | 16.1
Necromancy     | 3 |  3.1
Evocations     | 3 6 7 |  7.2
Hexes          | 2 |  2.7
Transmutations | 7 10 13 14 | 14.7
Ice Magic      | 4 |  4.0
Spellcasting   | 4 7 9 10 | 10.6
Translocations | 2 5 6 |  6.3
Earth Magic    | 5 7 8 |  8.8
Shields        | 5 8 10 | 10.9
Stealth        | |  1.7

Action                   |  1- 3 |  4- 6 |  7- 9 | 10-12 | 13-15 | 16-18 | 19-21 | 22-24 || total
-------------------------+-------+-------+-------+-------+-------+-------+-------+-------++-------
Melee: Unarmed           |   120 |   166 |   424 |   840 |  1809 |  1312 |  1288 |   630 ||  6589
       Tailslap          |     9 |    25 |    61 |   133 |   271 |   127 |   230 |   152 ||  1008
       Punch             |     2 |     3 |    20 |    66 |   159 |    72 |   143 |    96 ||   561
 Fire: Blowgun           |       |     1 |    17 |       |       |       |       |       ||    18
Throw: Stone             |     1 |     4 |       |     1 |       |       |       |       ||     6
       Throwing net      |       |       |       |       |       |       |     1 |       ||     1
 Cast: Repel Missiles    |       |       |       |     3 |     6 |    12 |    12 |     7 ||    40
       Animate Skeleton  |       |       |       |    40 |    45 |     6 |       |       ||    91
       Confusing Touch   |       |       |       |       |    20 |       |       |       ||    20
       Ice Form          |       |       |       |       |    26 |    46 |       |       ||    72
       Blade Hands       |       |       |       |       |       |    41 |     1 |       ||    42
       Statue Form       |       |       |       |       |       |    12 |    62 |    31 ||   105
       Blink             |       |       |       |       |       |       |     5 |       ||     5
       Control Undead    |       |       |       |       |       |       |       |     3 ||     3
       Shroud of Golubri |       |       |       |       |       |       |       |     1 ||     1
Invok: Curse Item        |       |       |     4 |     2 |     2 |       |     2 |     4 ||    14
 Abil: Breathe Lightning |       |       |    17 |     8 |       |       |       |       ||    25
       Fly               |       |       |       |       |     4 |     1 |       |       ||     5
       Evoke Berserk Rag |       |       |       |       |     3 |     1 |       |       ||     4
       End Transformatio |       |       |       |       |     1 |     2 |       |       ||     3
Evoke: Wand              |       |     9 |    15 |    35 |    19 |    10 |    15 |     2 ||   105
       Box of beasts     |       |       |       |     1 |     4 |       |       |       ||     5
  Use: Scroll            |     5 |     9 |     8 |     8 |    11 |    17 |     7 |    14 ||    79
       Potion            |       |       |       |     3 |    12 |     7 |       |     3 ||    25
 Stab: Sleeping          |     3 |     1 |     8 |    23 |    19 |     7 |    10 |     3 ||    74
       Paralysed         |       |    22 |     9 |     6 |    11 |       |       |       ||    48
       Distracted        |       |       |     2 |     7 |     9 |     3 |     5 |     3 ||    29
       Confused          |       |       |       |       |    23 |       |       |       ||    23
  Eat: Chunk             |     1 |     6 |    16 |    13 |    34 |    27 |    37 |    11 ||   145
       Royal jelly       |       |       |     1 |     1 |       |     1 |       |       ||     3
       Fruit             |       |       |       |    12 |     6 |     4 |     5 |     8 ||    35
       Beef jerky        |       |       |       |     4 |     3 |       |     2 |       ||     9
       Pizza             |       |       |       |     2 |     1 |     1 |     3 |     2 ||     9
       Meat ration       |       |       |       |       |     3 |     4 |     2 |     2 ||    11
       Bread ration      |       |       |       |       |       |     5 |       |       ||     5
Armor: Skin              |    25 |    26 |   100 |   142 |   250 |   153 |   440 |   204 ||  1340
Dodge: Dodged            |    63 |    83 |   212 |   595 |  1370 |   961 |  1768 |   849 ||  5901
       Deflected         |       |       |       |     3 |    15 |    26 |    25 |    18 ||    87
Block: Large shield      |       |       |       |       |       |       |       |    72 ||    72
       Reflection        |       |       |       |       |       |       |       |     1 ||     1
